 Dungeon Crawl Stone Soup version 0.29-a0-870-g2c972031a6 (webtiles) character file.

Game seed: 17525663035492392080

121 porpoise the Insei (level 5, -23/39 HPs)
             Began as a Merfolk Transmuter on July 17, 2022.
             Annihilated by an ogre
             ... wielding a +0 giant club
              (30 damage)
             ... on level 3 of the Dungeon.
             The game lasted 00:09:55 (2679 turns).

porpoise the Insei (Merfolk Transmuter)             Turns: 2679, Time: 00:09:58

Health: -23/39     AC:  4    Str: 12    XL:     5   Next: 5%
Magic:  8/8        EV: 12    Int: 12    God:
Gold:   90         SH:  0    Dex: 15    Spells: 5/8 levels left

rFire   . . .      SeeInvis .     - Unarmed
rCold   . . .      Faith    .   (no shield)
rNeg    + . .      Spirit   .   f - +0 leather armour
rPois   .          Reflect  .   (no helmet)
rElec   .          Harm     .   c - +0 cloak
rCorr   .          Rampage  .   (no gloves)
Will    .....                   (no boots)
Stlth   +.........              (no amulet)
HPRegen 0.13/turn               s - ring of positive energy
MPRegen 0.11/turn               (no ring)

@: flying
A: (nimble swimmer 2), mertail
a: no special abilities


You were on level 3 of the Dungeon.
You visited 1 branch of the dungeon, and saw 3 of its levels.

You collected 90 gold pieces.

Inventory:

Hand Weapons
 a - a +3 spear
 b - a +0 sling
Armour
 c - a +0 cloak (worn)
 f - a +0 leather armour (worn)
 p - an orb of mayhem
Jewellery
 s - a ring of positive energy (left hand)
Scrolls
 e - a scroll of poison {unknown}
 g - 5 scrolls of immolation
 h - 2 scrolls of identify {unknown}
 i - a scroll of noise {unknown}
 l - a scroll of fear {unknown}
 n - 2 scrolls of teleportation {unknown}
 o - a scroll of brand weapon {unknown}
 r - a scroll of amnesia {unknown}
Potions
 d - a potion of lignification
 j - a potion of haste {unknown}
 k - 2 potions of curing
 m - a potion of ambrosia
 q - a potion of heal wounds {unknown}
 t - a potion of flight


   Skills:
 + Level 2.5 Fighting
 - Level 2.0 Polearms
 - Level 2.6 Dodging
 * Level 4.8 Unarmed Combat
 - Level 2.0 Spellcasting
 + Level 3.5 Transmutations


You had 5 spell levels left.
You knew the following spells:

 Your Spells              Type           Power      Damage    Failure   Level
a - Beastly Appendage     Tmut           18%        N/A       9%          1
w - Wereblood             Tmut           9%         N/A       12%         2

Your spell library contained the following spells:

 Spells                   Type           Power      Damage    Failure   Level
 Summon Small Mammal      Summ           4%         N/A       34%         1
 Poisonous Vapours        Pois/Air       2%         N/A       45%         2
 Spider Form              Tmut/Pois      5%         N/A       45%         3
 Call Canine Familiar     Summ           1%         N/A       71%         3
 Summon Guardian Golem    Hex/Summ       1%         N/A       71%         3
 Ice Form                 Ice/Tmut       5%         N/A       86%         4
 Corpse Rot               Necr/Pois/Air  1%         N/A       98%         4
 Summon Lightning Spire   Summ/Air       1%         N/A       98%         4
 Storm Form               Tmut/Air       2%         N/A       100%        7
 Maxwell's Capacitive Co  Air            0%         ∞         100%        8


Dungeon Overview and Level Annotations

Branches:
Dungeon (3/15)

Altars:
Ru

Annotations:
D:2 exclusion: downstairs
D:3 Terence


Innate Abilities, Weirdness & Mutations

((You are very nimble when in or above water. (Stealth+, EV+, Speed+++)))
Your lower body shifts to a powerful aquatic tail in water.


Message History

The endoplasm freezes you.
You are frozen.
* * * LOW HITPOINT WARNING * * *
You hit the frilled lizard.
You kill the frilled lizard!
The endoplasm hits you but does no damage.
Terence barely misses you.
You hit the endoplasm.
The endoplasm is severely wounded.
You barely miss the endoplasm. Your punch misses the endoplasm.
The endoplasm is severely wounded.
The endoplasm closely misses you. The kobold closely misses you.
Terence misses you.
You hit the endoplasm.
You kill the endoplasm!
You feel less invigorated.
You feel less confused. The kobold barely misses you.
Terence hits you from afar with a +0 trident.
The kobold attacks as you move away! The kobold hits you but does no damage.
Terence completely misses you. Terence closely misses you.
The kobold attacks as you move away! The kobold barely misses you.
The kobold attacks as you move away! The kobold hits you but does no damage.
The kobold attacks as you move away! The kobold hits you but does no damage.
Terence says, "Don't bother to defend, it's senseless."
The kobold attacks as you move away! The kobold hits you with a +0 dagger.
You closely miss the kobold. The kobold hits you but does no damage.
Terence hits you from afar with a +0 trident!
You hit the kobold.
You kill the kobold!
Terence barely misses you.
It was a potion of flight.
You feel very buoyant.
You fly up into the air.
Terence hits you from afar with a +0 trident.
* * * LOW HITPOINT WARNING * * *
The ogre hits you with a +0 giant club!!
Ouch! That really hurt!
You die...

... ######.# .... #..#...#
#..#..#...# . #..≈......#
..#########.)...#
..≈..#_.)......#
#..#..#..#...#
#.....#..#...#######
####.....######)@O....#
#...........#..###@#### ####
....#####...†..###)# ####..#
..............###.w#####.....#
.#....###...#.........w...####
.#.. #...###..#.#'O#.#.# ...
......#..(..#..#...# .#
...#........########.#
.............+ #$$..†.#


You could see an ogre and Terence.

Vanquished Creatures
  3 adders
  2 worms (D:2)
  14 dart slugs
  7 ball pythons
  5 bats
  2 endoplasms
  4 giant cockroaches
  4 goblins
  5 hobgoblins
  8 kobolds
  6 frilled lizards
  4 rats
64 creatures vanquished.

Notes
Turn   | Place    | Note
-------+----------+-------------------------------------------
     0 | D:1      | porpoise the Merfolk Transmuter began the quest for the
                  | Orb.
     0 | D:1      | Reached XP level 1. HP: 15/15 MP: 3/3
   178 | D:1      | Reached XP level 2. HP: 17/21 MP: 5/5
   393 | D:1      | Reached skill level 1 in Polearms
   401 | D:1      | Found a faded altar of an unknown god.
   599 | D:1      | Reached skill level 4 in Unarmed Combat
   599 | D:1      | Reached XP level 3. HP: 26/27 MP: 6/6
   902 | D:2      | Learned a level 2 spell: Wereblood
  1253 | D:2      | Reached XP level 4. HP: 30/33 MP: 7/7
  2460 | D:3      | Found a sacrificial altar of Ru.
  2520 | D:3      | Reached XP level 5. HP: 30/39 MP: 8/8
  2621 | D:3      | Noticed Terence
  2657 | D:3      | Noticed an ogre
  2679 | D:3      | Annihilated by an ogre

Illustrated notes

Levels and vault maps discovered:
D:1:      scummos_arrival_simple_crosswalls, layout_basic,
          hellmonk_ecumenical_altar_blasted
D:2:      layout_loops_ring
D:3:      kennysheep_slugbush, layout_rooms, hangedman_ru_absence,
          kennysheep_okawaru_gauntlet, minmay_mini_jars, uniq_terence

Skill      XL: |  1  2  3 |
---------------+----------+-----
Polearms       | 1 2 |  2.0
Unarmed Combat | 4 |  4.8
Fighting       | 2 |  2.5
Transmutations | 3 |  3.5
Dodging        | |  2.6
Spellcasting   | |  2.0

Action                   |  1- 3 |  4- 6 || total
-------------------------+-------+-------++-------
Melee: Unarmed           |    16 |    13 ||    29
       Punch             |     4 |     2 ||     6
       Spear             |    86 |    55 ||   141
       Headbutt          |     2 |     3 ||     5
       Tailslap          |       |     2 ||     2
 Fire: Sling             |       |    43 ||    43
 Cast: Beastly Appendage |     1 |     1 ||     2
  Use: Potion            |       |     3 ||     3
 Stab: Sleeping          |     2 |       ||     2
Armor: Robe              |     8 |       ||     8
       Leather armour    |    14 |    15 ||    29
Dodge: Dodged            |    44 |    59 ||   103

Table legend: (Time is in decaauts)
 A = Elapsed time spent in this place.
 B = Non-inter-level travel time spent in this place.
 C = Inter-level travel time spent in this place.
 D = Time resting spent in this place.
 E = Time spent auto-exploring this place.
 F = Levels seen in this place.
 G = Mean time per level.
                   A        B        C        D        E       F      G
               +--------+--------+--------+--------+--------+-----+--------+
         Total |   2688 |   2624 |     64 |    840 |   1237 |   3 |  896.0 |
       Dungeon |   2688 |   2624 |     64 |    840 |   1237 |   3 |  896.0 |
               +--------+--------+--------+--------+--------+-----+--------+

Top non-repeatable levels by time:
     D:2: 1088 daAuts
     D:1: 898 daAuts
     D:3: 701 daAuts
